 Dungeon Crawl Stone Soup version 0.31-a0-1611-g890cdf5 (webtiles) character file.

Game seed: 3105157293880602838

73 PidgeyThePirate the Chopper (level 4, 0/35 HPs)
             Began as a Demonspawn Chaos Knight on Jan 8, 2024.
             Was a Plaything of Xom.
             Killed from afar by Ijyb (13 damage)
             ... with a bolt of acid
             ... on level 3 of the Dungeon.
             The game lasted 00:04:05 (1959 turns).

PidgeyThePirate the Chopper (DsCK)                  Turns: 1959, Time: 00:04:06

Health: 0/35       AC: 17    Str: 20    XL:     4   Next: 8%
Magic:  4/4        EV:  6    Int: 13    God:    Xom [..*...]
Gold:   84         SH:  4    Dex: 12    Spells: 3/3 levels left

rFire   . . .        a - +0 hand axe (chaos)
rCold   . . .        (no shield)
rNeg    . . .        j - +0 plate armour
rPois   .            (no helmet)
rElec   .            (no cloak)
rCorr   .            (no gloves)
SInv    .            (no boots)
Will    +....        (no amulet) Stlth
                     g - ring of willpower
HPRegen 0.25/turn    i - +6 ring of strength
MPRegen 0.09/turn

%: no passive effects
@: sanguine armoured
A: sanguine armour 1, condensation shield
a: Renounce Religion


You were on level 3 of the Dungeon.
You worshipped Xom.
You were a toy of Xom.
You visited 1 branch of the dungeon, and saw 3 of its levels.

You collected 84 gold pieces.

Inventory:

Hand Weapons
 a - a +0 hand axe of chaos (weapon)
Armour
 b - a +2 leather armour
 j - a +0 plate armour (worn)
Jewellery
 g - a ring of willpower (left hand)
 i - a +6 ring of strength (right hand)
Scrolls
 c - a scroll of butterflies
 e - 2 scrolls of identify {unknown}
 f - a scroll of vulnerability {unknown}
 h - a scroll of fear {unknown}
 k - a scroll of blinking {unknown}
Potions
 d - a potion of heal wounds {unknown}
 l - a potion of curing {unknown}
 m - a potion of invisibility {unknown}


   Skills:
 + Level 3.5 Fighting
 + Level 3.6 Axes
 + Level 2.2 Armour
 + Level 1.3 Dodging
 + Level 0.1 Stealth
 + Level 0.2 Shields


You had 3 spell levels left.
You didn't know any spells.
Your spell library was empty.

Dungeon Overview and Level Annotations

Branches:
Dungeon (3/15)

Altars:
Xom

Shops:
D:1 [[   D:2 (

Annotations:
D:3 Ijyb


Innate Abilities, Weirdness & Mutations

When seriously injured, your blood forms armour. (AC +6)
A meltable shield of frost defends you. (SH +4)


Message History

You now have 84 gold pieces (gained 19).
You open the door.
There is an open door here.
Found a stone staircase leading down.
There is a stone staircase leading down here.
Ijyb the Twisted Goblin comes into view.
She is wielding a +0 dagger and carrying a wand of acid.
Found a scroll labelled HUUDIBOFIPO.
Ijyb is nearby!
Ijyb screams, "Me very upset!"
Ijyb barely misses you.
You completely miss Ijyb. Ijyb hits you with a +0 dagger.
You completely miss Ijyb.
You almost hear Xom's maniacal laughter.
One of your 2 scrolls labelled MUTHRI JOREO falls out of your pack, then immediately jumps back in!
Ijyb barely misses you.
You barely miss Ijyb.
Ijyb zaps a wand.
The bolt of acid hits you!
Your blood congeals into armour.
You closely miss Ijyb. Ijyb hits you with a +0 dagger.
You hit Ijyb.
You feel better.
Ijyb is lightly wounded.
Ijyb hits you but does no damage.
You hit Ijyb but do no damage.
Ijyb is poisoned.
Ijyb is lightly wounded.
Ijyb hits you but does no damage.
You hit Ijyb.
Ijyb is heavily wounded.
Ijyb hits you with a +0 dagger. Ijyb hits you but does no damage.
You closely miss Ijyb.
Ijyb is heavily wounded.
Ijyb hits you but does no damage.
You closely miss Ijyb.
Ijyb is heavily wounded.
Ijyb hits you with a +0 dagger.
You closely miss Ijyb.
Ijyb is heavily wounded.
Ijyb hits you but does no damage.
You closely miss Ijyb.
Ijyb is severely wounded.
Ijyb zaps a wand.
The bolt of acid hits you!
You die...

#.#######
#......>#
#.#####.#
#.# #.#
#.#####.#
#.#.....#
#.##.##.#
#.## #.#
#.# #@#
#g# #.#
#.# #?#
#.# #.#
#.#


You could see Ijyb (poisoned).

Vanquished Creatures
  A dart slug (D:2)
  3 ribbon worms (D:2)
  An orc (D:3)
  9 endoplasms
  A giant cockroach (D:2)
  5 hobgoblins
  4 jackals (D:2)
  6 kobolds (D:1)
  4 quokkas
  4 ball pythons (D:1)
  5 bats
  7 frilled lizards
  6 goblins
  4 rats
60 creatures vanquished.

Notes
Turn   | Place    | Note
-------+----------+-------------------------------------------
     0 | D:1      | PidgeyThePirate the Demonspawn Chaos Knight began the quest
                  | for the Orb.
     0 | D:1      | Reached XP level 1. HP: 18/18 MP: 1/1
    12 | D:1      | Reached skill level 1 in Dodging
   127 | D:1      | Gained mutation: A meltable shield of frost defends you.
                  | (SH +4) [demonic ancestry]
   127 | D:1      | Reached XP level 2. HP: 21/24 MP: 2/2
   269 | D:1      | Found Kubb's Antique Armour Boutique.
   333 | D:1      | Found Xali's Antique Armour Emporium.
   543 | D:1      | XOM: silly message
   619 | D:1      | XOM: scenery: create altars
   636 | D:1      | Reached XP level 3. HP: 29/29 MP: 3/3
   674 | D:1      | XOM: smoke on damage
   715 | D:1      | XOM: cloud trail
   818 | D:2      | XOM: fog
  1257 | D:2      | Found a faded altar of an unknown god.
  1353 | D:2      | Found Xadeal's Weapon Shoppe.
  1420 | D:2      | Gained mutation: When seriously injured, your blood forms
                  | armour. (AC +6) [demonic ancestry]
  1420 | D:2      | Reached XP level 4. HP: 35/35 MP: 4/4
  1485 | D:2      | XOM: cloud trail
  1763 | D:3      | XOM: scenery: create altars
  1945 | D:3      | Noticed Ijyb
  1950 | D:3      | XOM: silly message
  1959 | D:3      | Killed from afar by Ijyb

Illustrated notes

Levels and vault maps discovered:
D:1:      nicolae_arrival_memento_mori, layout_basic, serial_shops, shop, shop,
          st_stairs_9
D:2:      layout_basic, hellmonk_ecumenical_altar_inner_sanctum, serial_shops,
          nicolae_shop_real_fake_doors, due_unseen_surprise
D:3:      layout_basic, old_standard_altar, uniq_ijyb, uniq_robin,
          uniq_crazy_yiuf_cottage

Skill      XL: |  1  2 |
---------------+-------+-----
Dodging        | 1 |  1.3
Armour         | 2 |  2.2
Axes           | 3 |  3.6
Fighting       | |  3.5
Stealth        | |  0.1
Shields        | |  0.2

Action                     |  1- 3 |  4- 6 || total
---------------------------+-------+-------++-------
  Melee: Hand axe          |   149 |    21 ||   170
         Punch             |     1 |       ||     1
 Armour: Leather armour    |    89 |       ||    89
         Plate armour      |       |    20 ||    20
  Dodge: Dodged            |    98 |     4 ||   102
  Block: Other             |    31 |     3 ||    34

Table legend: (Time is in decaauts)
 A = Elapsed time spent in this place.
 B = Non-inter-level travel time spent in this place.
 C = Inter-level travel time spent in this place.
 D = Time resting spent in this place.
 E = Time spent auto-exploring this place.
 F = Levels seen in this place.
 G = Mean time per level.
                   A        B        C        D        E       F      G
               +--------+--------+--------+--------+--------+-----+--------+
         Total |   1980 |   1933 |     47 |      0 |   1345 |   3 |  660.0 |
       Dungeon |   1980 |   1933 |     47 |      0 |   1345 |   3 |  660.0 |
               +--------+--------+--------+--------+--------+-----+--------+

Top non-repeatable levels by time:
     D:2: 1023 daAuts
     D:1: 755 daAuts
     D:3: 202 daAuts
